 Dungeon Crawl Stone Soup version 0.18.1-8-gdd0e5ea (webtiles) character file.

14560 nikopol the Spear-Bearer (level 11, -8/102 HPs)
             Began as a Minotaur Berserker on May 29, 2016.
             Was a High Priest of Trog.
             Mangled by an eight-headed hydra (9 damage)
             ... on level 3 of the Lair of Beasts.
             The game lasted 00:33:35 (11624 turns).

nikopol the Spear-Bearer (Minotaur Berserker)      Turns: 11624, Time: 00:33:36

Health: -8/102     AC: 10    Str: 23    XL:     11   Next: 90%
Magic:  3/3        EV: 14    Int:  4    God:    Trog [*****.]
Gold:   508        SH:  0    Dex: 12    Spells: 0 memorised, 10 levels left

rFire  + . .     SeeInvis .     g - +4 halberd (antimagic)
rCold  . . .     Gourm    .     f - +0 scale mail
rNeg   . . .     Faith    .     (shield currently unavailable)
rPois  .         Spirit   .     (helmet restricted)
rElec  .         Dismiss  .     v - +0 cloak
rCorr  .         Reflect  .     (no gloves)
SustAt .         Harm     .     (no boots)
MR     .....                    (no amulet)
Stlth  ..........               W - +3 ring of slaying
                                Y - ring of protection from fire

@: not resistant to hostile enchantments, extremely unstealthy
A: retaliatory headbutt, horns 2
a: Berserk, Trog's Hand, Brothers in Arms, Burn Spellbooks, Renounce Religion


You were on level 3 of the Lair of Beasts.
You worshipped Trog.
Trog was extremely pleased with you.
You were not hungry.

You visited 2 branches of the dungeon, and saw 13 of its levels.

You collected 508 gold pieces.

Inventory:

Hand Weapons
 g - a +4 antimagic halberd (weapon)
 Q - a +2 trident of venom
Missiles
 T - 4 tomahawks (quivered)
Armour
 f - a +0 scale mail (worn)
 v - a +0 cloak (worn)
Jewellery
 W - a +3 ring of slaying (right hand)
 Y - a ring of protection from fire (left hand)
Wands
 D - a wand of slowing (15/48)
 N - a wand of paralysis (12/24)
 P - a wand of random effects (18/48)
 S - a wand of teleportation (2/9)
 U - a wand of flame (7/48)
Scrolls
 a - a scroll of identify
 e - 3 scrolls of blinking
 h - 6 scrolls of remove curse
 l - 3 scrolls of teleportation
 o - 2 scrolls of random uselessness {unknown}
 q - 4 scrolls of magic mapping {unknown}
 u - 6 scrolls of enchant weapon {unknown}
 x - 2 scrolls of recharging {unknown}
 y - a scroll of acquirement {unknown}
 C - 4 scrolls of amnesia {unknown}
 F - 4 scrolls of noise {unknown}
 J - 2 scrolls of immolation {unknown}
 O - 2 scrolls of fog {unknown}
Potions
 i - 2 potions of heal wounds
 j - a potion of ambrosia {unknown}
 k - 2 potions of magic
 m - a potion of mutation
 s - 2 potions of cure mutation
 t - a potion of haste
 w - 7 potions of curing
 z - 2 potions of agility
 A - a potion of berserk rage
 B - 2 potions of degeneration
 E - 2 potions of might
 G - 3 potions of flight
 K - 2 potions of lignification
 R - a potion of invisibility {unknown}
 V - 3 potions of resistance
Comestibles
 c - 2 bread rations
 n - 5 meat rations
 H - 4 beef jerkies
 I - 9 royal jellies
 M - 3 fruits


   Skills:
 + Level 11.1 Fighting
 * Level 13.1 Polearms
 + Level 6.7 Throwing
 + Level 10.3 Armour
 + Level 9.2 Dodging


You had 10 spell levels left.
You didn't know any spells.

Dungeon Overview and Level Annotations

Branches:
Dungeon (10/15)            Temple (0/1) D:6            Lair (3/8) D:10
  Swamp: Lair:3-6    Shoals: Lair:3-6     Snake: Lair:3-6    Spider: Lair:3-6
    Orc: D:9-12

Altars:
Elyvilon
Kikubaaqudgha
Makhleb
Nemelex Xobeh
Qazlal
Ru
Trog
Zin


Innate Abilities, Weirdness & Mutations

You reflexively headbutt those who attack you in melee.
You have a pair of horns on your head.


Message History

You're too hungry to go berserk.
Eat which item? (? for menu, Esc to quit)
The eight-headed hydra bites you but does no damage.
The eight-headed hydra bites you. x2; The eight-headed hydra bites you!
The eight-headed hydra misses you.
The eight-headed hydra closely misses you.
The eight-headed hydra bites you but does no damage. x2
You continue eating.
The eight-headed hydra bites you!
* * * LOW HITPOINT WARNING * * *
The eight-headed hydra bites you.
* * * LOW HITPOINT WARNING * * *
The eight-headed hydra closely misses you.
The eight-headed hydra misses you. The eight-headed hydra bites you!
* * * LOW HITPOINT WARNING * * *
The eight-headed hydra closely misses you.
The eight-headed hydra bites you.
* * * LOW HITPOINT WARNING * * *
The eight-headed hydra bites you!
You die...

# ....#P# ###.##
. ....#.. #.#P..#
. ....... ......#
. ....... .....#
. ..... ..... .
..Y ... . #D#.#
...# .P
###@###...# [#
#....##..# #
#........# ##
##....#...## .#
#.....++...# #
#......#..## #
........#...## #
.....#P##+###...#
###.
#....####..##..##


You could see an eight-headed hydra and a yak.

Vanquished Creatures
  3 hydras
  5 spiny frogs
  3 black mambas
  A gargoyle (D:10)
  A troll (D:9)
  The ghost of Kilrog the Skirmisher, an amateur DsBe of Trog (D:3)
  17 yaks
  A basilisk (Lair:1)
  A hippogriff (Lair:1)
  2 hungry ghosts
  Menkaure (D:4)
  A soldier ant (D:8)
  4 water moccasins
  2 orc warriors
  3 porcupines (Lair:1)
  3 sky beasts
  2 ice beasts
  3 wasps
  3 black bears
  2 phantoms
  3 ogres
  7 crocodiles
  3 centaurs
  A big kobold (D:8)
  9 giant frogs
  2 gnoll sergeants (D:5)
  2 scorpions
  A vampire bat (D:5)
  A howler monkey (D:7)
  3 crimson imps
  A giant frog zombie (D:7)
  3 giant frog skeletons
  Crazy Yiuf (D:3)
  3 hounds
  2 jellies
  2 centaur zombies
  4 orc priests
  A gnoll shaman (D:8)
  3 iguanas
  7 orc wizards
  5 worker ants
  A killer bee zombie (D:7)
  8 sheep (Lair:1)
  A hound skeleton (D:5)
  A howler monkey zombie (D:8)
  Robin (D:3)
  A howler monkey skeleton (D:9)
  17 gnolls
  6 adders
  19 river rats
  2 shadow imps
  An adder zombie (D:8)
  2 dart slugs
  3 fire bats (D:5)
  10 giant geckos
  24 orcs
  2 spectral bats (D:5)
  3 bat skeletons (D:5)
  A bat zombie (D:5)
  2 giant cockroaches (D:2)
  16 goblins
  13 hobgoblins
  2 quokkas
  A ball python (D:1)
  23 bats
  A bat simulacrum (D:5)
  A giant gecko zombie (D:7)
  4 giant newts
  6 kobolds
  2 quokka zombies
  11 rats
  4 fungi
  2 plants
314 creatures vanquished.

Vanquished Creatures (others)
  A sky beast (D:8)
  A fungus (Lair:1)
  A plant (Lair:2)
3 creatures vanquished.

Grand Total: 317 creatures vanquished

Notes
Turn   | Place    | Note
--------------------------------------------------------------
     0 | D:1      | nikopol the Minotaur Berserker began the quest for the Orb.
     0 | D:1      | Reached XP level 1. HP: 19/19 MP: 0/0
   147 | D:1      | Reached XP level 2. HP: 26/27 MP: 1/1
   187 | D:1      | Reached skill level 4 in Polearms
   405 | D:2      | Reached XP level 3. HP: 19/33 MP: 2/2
   423 | D:2      | Reached ** piety under Trog
   977 | D:3      | Noticed Robin
   989 | D:3      | Reached XP level 4. HP: 40/40 MP: 3/3
   992 | D:3      | Killed Robin
  1001 | D:3      | Reached *** piety under Trog
  1096 | D:3      | Noticed Kilrog's ghost (amateur DsBe)
  1109 | D:3      | Killed Kilrog's ghost
  1109 | D:3      | Reached skill level 5 in Fighting
  1109 | D:3      | Reached skill level 5 in Polearms
  1109 | D:3      | Reached XP level 5. HP: 48/48 MP: 4/4
  1109 | D:3      | Reached XP level 6. HP: 56/56 MP: 5/5
  1227 | D:3      | Noticed an orc warrior
  1238 | D:3      | Killed an orc warrior
  1736 | D:3      | Noticed Crazy Yiuf
  1750 | D:3      | Killed Crazy Yiuf
  1861 | D:4      | Found an ancient bone altar of Kikubaaqudgha.
  1939 | D:4      | Found a bloodstained altar of Trog.
  1947 | D:4      | Reached skill level 6 in Polearms
  1947 | D:4      | Reached skill level 5 in Armour
  1947 | D:4      | Reached XP level 7. HP: 57/62 MP: 6/6
  2097 | D:4      | Noticed Menkaure
  2103 | D:4      | Killed Menkaure
  2488 | D:4      | Reached skill level 5 in Dodging
  2596 | D:5      | Entered Level 5 of the Dungeon
  2804 | D:5      | Reached XP level 8. HP: 71/71 MP: 7/7
  2834 | D:5      | Reached skill level 7 in Polearms
  2921 | D:5      | Received a gift from Trog
  3255 | D:5      | Reached **** piety under Trog
  3588 | D:6      | Reached skill level 1 in Throwing
  3816 | D:6      | Found a staircase to the Ecumenical Temple.
  3916 | D:6      | Reached skill level 8 in Polearms
  3946 | D:6      | Found a burning altar of Makhleb.
  4205 | D:6      | Reached XP level 9. HP: 75/81 MP: 8/8
  4454 | D:7      | Found a stormy altar of Qazlal.
  4459 | D:7      | Found a glowing silver altar of Zin.
  4723 | D:7      | Found a white marble altar of Elyvilon.
  4976 | D:7      | Received a gift from Trog
  5025 | D:8      | Reached skill level 9 in Polearms
  5065 | D:8      | Found a sacrificial altar of Ru.
  5088 | D:8      | Found a sparkling altar of Nemelex Xobeh.
  5234 | D:8      | Reached ***** piety under Trog
  6206 | D:9      | Received a gift from Trog
  6235 | D:9      | Reached XP level 10. HP: 81/91 MP: 9/9
  6280 | D:9      | Reached skill level 10 in Polearms
  6755 | D:10     | Entered Level 10 of the Dungeon
  6937 | D:10     | Found a staircase to the Lair.
  7136 | D:10     | Noticed a gargoyle
  7143 | D:10     | Killed a gargoyle
  7362 | Lair:1   | Entered Level 1 of the Lair of Beasts
  7538 | Lair:1   | Noticed a four-headed hydra
  7545 | Lair:1   | Killed a four-headed hydra
  7545 | Lair:1   | Reached skill level 11 in Polearms
  7545 | Lair:1   | Reached skill level 5 in Throwing
  7754 | Lair:1   | Reached skill level 10 in Fighting
  8059 | Lair:1   | Noticed a black mamba
  8071 | Lair:1   | Killed a black mamba
  8071 | Lair:1   | Reached XP level 11. HP: 48/99 MP: 10/10
  9064 | Lair:1   | Received a gift from Trog
  9292 | Lair:2   | Noticed a four-headed hydra
  9299 | Lair:2   | HP: 3/151 [nine-headed hydra (9)]
  9301 | Lair:2   | Killed an 11-headed hydra
  9301 | Lair:2   | Reached skill level 12 in Polearms
  9770 | Lair:2   | Noticed an eight-headed hydra
  9777 | Lair:2   | Killed a 13-headed hydra
 10244 | Lair:2   | Reached skill level 10 in Armour
 11367 | Lair:3   | Reached skill level 13 in Polearms
 11609 | Lair:3   | Noticed a five-headed hydra
 11624 | Lair:3   | HP: 1/102 [eight-headed hydra (5)]
 11624 | Lair:3   | Mangled by an eight-headed hydra

Skill      XL: |  1  2  3  4  5  6  7  8  9 10 11 |
---------------+----------------------------------+-----
Polearms       | 4 5 6 8 9 11 13 | 13.1
Fighting       | 4 5 6 7 9 10 11 | 11.1
Armour         | 3 4 5 6 7 8 9 10 | 10.3
Dodging        | 3 4 5 6 7 8 9 |  9.2
Throwing       | 2 4 5 6 |  6.7

Action                   |  1- 3 |  4- 6 |  7- 9 | 10-12 || total
-------------------------+-------+-------+-------+-------++-------
Melee: Spear             |   113 |    78 |   431 |    18 ||   640
       Headbutt          |    17 |    11 |    60 |    95 ||   183
       Trident           |       |       |       |   276 ||   276
       Halberd           |       |       |       |   120 ||   120
Throw: Tomahawk          |       |       |       |    13 ||    13
Invok: Berserk           |     1 |     2 |     2 |     4 ||     9
       Burn Spellbooks   |       |       |     3 |       ||     3
  Use: Scroll            |       |       |       |    16 ||    16
  Eat: Chunk             |       |     6 |    18 |    10 ||    34
       Bread ration      |       |       |       |     4 ||     4
       Pizza             |       |       |       |     2 ||     2
Armor: Scale mail        |    26 |     6 |    97 |   101 ||   230
Dodge: Dodged            |    48 |    23 |   141 |   181 ||   393
